 Dungeon Crawl Stone Soup version 0.29.0-4-gdea44cf6ec (webtiles) character file.

Game seed: 13382500525886515081

652 mortz the Conjurer (level 7, -3/51 HPs)
             Began as a Demigod Conjurer on Aug 27, 2022.
             Shot with an arrow by a centaur (12 damage)
             ... on level 5 of the Dungeon.
             The game lasted 00:20:28 (4643 turns).

mortz the Conjurer (Demigod Conjurer)               Turns: 4643, Time: 00:20:31

Health: -3/51      AC: 11    Str:  8    XL:     7   Next: 7%
Magic:  2/15       EV: 11    Int: 28    God:
Gold:   306        SH:  0    Dex: 12    Spells: 6/13 levels left

rFire   . . .      SeeInvis .   h - +1 dagger
rCold   . . .      Faith    .   (no shield)
rNeg    . . .      Spirit   .   y - +0 leather armour
rPois   .          Reflect  .   w - +0 helmet
rElec   .          Harm     .   z - +1 cloak
rCorr   .          Rampage  .   (no gloves)
Will    .....                   m - +0 pair of boots
Stlth   ++........              u - amulet of magic regeneration
HPRegen 0.17/turn               e - ring of wizardry
MPRegen 0.54/turn               p - +4 ring of protection

@: about to teleport, very slightly contaminated, slowed, very slow
A: high MP 1, forlorn, divine attributes
a: no special abilities


You were on level 5 of the Dungeon.
You visited 1 branch of the dungeon, and saw 6 of its levels.

You collected 306 gold pieces.

Inventory:

Hand Weapons
 h - a +1 dagger (weapon)
 j - a +0 short sword
 s - a +2 vampiric hand axe
Missiles
 c - 2 throwing nets
Armour
 m - a +0 pair of boots (worn)
 w - a +0 helmet (worn)
 y - a +0 leather armour (worn)
 z - a +1 cloak (worn)
Jewellery
 e - a ring of wizardry (left hand)
 p - a +4 ring of protection (right hand)
 u - an amulet of magic regeneration (around neck)
 v - the ring "Cacwicas" {rN+ Str+3}
   (You found it on level 4 of the Dungeon)

   [ring of positive energy]

   Str:       It affects your strength (+3).
   rN:        It protects you from negative energy.
Scrolls
 f - 3 scrolls of blinking
 g - a scroll of immolation
 i - a scroll of magic mapping
 r - a scroll of enchant weapon
 A - a scroll of silence {unknown}
Potions
 a - a potion of mutation {unknown}
 b - a potion of magic
 d - 4 potions of curing
 l - 2 potions of flight
 n - a potion of attraction
 o - 2 potions of heal wounds
 q - 2 potions of might
 t - a potion of invisibility {unknown}
 x - a potion of cancellation {unknown}
 B - a potion of lignification {unknown}


   Skills:
 + Level 0.3 Fighting
 + Level 2.2 Dodging
 + Level 4.7 Stealth
 * Level 3.6 Spellcasting
 * Level 5.4 Conjurations
 * Level 1.6 Translocations


You had 6 spell levels left.
You knew the following spells:

 Your Spells              Type           Power      Damage    Failure   Level
a - Magic Dart            Conj           100%       1d8       1%          1
b - Searing Ray           Conj           70%        2d7       1%          2
c - Iskenderun's Mystic   Conj/Tloc      24%        2d7       11%         4

Your spell library contained the following spells:

 Spells                   Type           Power      Damage    Failure   Level
 Freeze                   Ice            20%        1d4       4%          1
 Dazzling Flash           Conj/Hex       40%        N/A       4%          3
 Frozen Ramparts          Ice            10%        1d2       14%         3
 Fulminant Prism          Conj/Hex       10%        3d9       16%         4
 Hailstorm                Conj/Ice       20%        3d6       16%         4


Dungeon Overview and Level Annotations

Branches:
Dungeon (6/15)
 Temple: D:4-7

Shops:
D:1 :   D:6 =

Annotations:
D:3 2 transporters, gelatine's ghost, amateur DsVM
D:4 2 runed translucent doors, BuzzyBeetle's ghost, amateur GnWn


Innate Abilities, Weirdness & Mutations

You have an increased reservoir of magic. (+10% MP)
You shall have no god before yourself.
Your divine heritage dramatically boosts your attributes as you level up.


Message History

The centaur hits you but does no damage.
The centaur closely misses you. The kobold brigand closely misses you.
You feel sick. The centaur closely misses you.
The centaur kicks you but does no damage.
The kobold brigand hits you with a +0 short sword.
The centaur hits you but does no damage.
The centaur barely misses you. The kobold hits you but does no damage.
You climb upwards.
You feel sick.
Your magical contamination has completely faded away.
There is a stone staircase leading down here.
Casting: Iskenderun's Mystic Blast (dangerous; 11% risk of failure)
Confirm with . or Enter, or press ? or * to list all spells.
You miscast Iskenderun's Mystic Blast.
You are very lightly contaminated with residual magic.
Nothing appears to happen.
You feel sick.
You are no longer poisoned.
The centaur hits you but does no damage.
The centaur barely misses you.
The kobold brigand hits you with a +0 short sword.
The centaur hits you but does no damage.
The centaur barely misses you.
The kobold brigand hits you with a +0 short sword.
As you read the scroll of teleportation, it crumbles to dust.
You feel strangely unstable. The centaur closely misses you.
The centaur kicks you but does no damage.
The centaur closely misses you. The centaur barely misses you.
The kobold brigand hits you with a +0 short sword.
Casting: Iskenderun's Mystic Blast (dangerous; 11% risk of failure)
Confirm with . or Enter, or press ? or * to list all spells.
You erupt in a blast of force!
The mystic blast hits the centaur.
The centaur is lightly wounded.
The centaur is knocked back by the mystic blast.
The mystic blast hits the kobold brigand.
The kobold brigand is moderately wounded.
The kobold brigand is knocked back by the mystic blast.
The centaur wields a +0 shortbow.
The centaur shoots an arrow.
The arrow hits you!
* * * LOW HITPOINT WARNING * * *
The centaur shoots an arrow.
The arrow hits you!
You die...

.....# ##.#
###..#########..##
# #..............#
##.##..........#
####.............#
...#####........K#
...#####......c..#
.................#
...#####........@#
...# #.........#
#### #.........#
###########


You could see a kobold brigand and a centaur.

Vanquished Creatures
  An ice beast (D:5)
  An ogre (D:5)
  2 necrophages
  A scorpion (D:4)
  3 hounds
  An orc priest (D:4)
  An iguana (D:5)
  8 adders
  An ufetubus (D:5)
  2 worms
  3 dart slugs
  6 orcs
  An endoplasm (D:4)
  A giant cockroach (D:2)
  10 goblins
  10 hobgoblins
  3 jackals (D:2)
  8 kobolds
  4 quokkas
  4 ball pythons
  3 bats
  3 frilled lizards (D:1)
  4 rats
81 creatures vanquished.

Vanquished Creatures (others)
  A plant (D:1)
1 creature vanquished.

Grand Total: 82 creatures vanquished

Notes
Turn   | Place    | Note
-------+----------+-------------------------------------------
     0 | D:1      | mortz the Demigod Conjurer began the quest for the Orb.
     0 | D:1      | Reached XP level 1. HP: 14/14 MP: 5/5
    88 | D:1      | Found Kuabru's Book Shoppe.
   757 | D:1      | Reached XP level 2. HP: 20/20 MP: 4/7
   760 | D:1      | Reached skill level 4 in Conjurations
   764 | D:1      | Learned a level 2 spell: Searing Ray
  1370 | D:2      | Reached XP level 3. HP: 24/26 MP: 4/8
  2335 | D:3      | Found a transporter.
  2351 | D:3      | Found a transporter.
  2354 | D:3      | Noticed gelatine's ghost (amateur DsVM)
  2941 | D:3      | Reached XP level 4. HP: 33/33 MP: 5/10
  3212 | D:4      | Reached XP level 5. HP: 38/38 MP: 8/11
  3233 | D:4      | Identified the ring "Cacwicas" {rN+ Str+3}
  3410 | D:4      | Reached skill level 5 in Conjurations
  3430 | D:4      | Learned a level 4 spell: Iskenderun's Mystic Blast
  3694 | D:4      | Found a large runed translucent door.
  3694 | D:4      | Found a large runed translucent door.
  3708 | D:4      | Reached XP level 6. HP: 45/45 MP: 9/13
  3717 | D:4      | Noticed BuzzyBeetle's ghost (amateur GnWn)
  3929 | D:5      | Entered Level 5 of the Dungeon
  4099 | D:5      | Reached skill level 1 in Translocations
  4431 | D:5      | Reached XP level 7. HP: 33/51 MP: 10/15
  4566 | D:6      | Found Meqonant's Jewellery Shoppe.
  4643 | D:5      | Shot with an arrow by a centaur

Illustrated notes

Levels and vault maps discovered:
D:1:      heliophobic_arrival_ceremonial_halls, layout_basic,
          shapermc_ecumenical_altar_mp_ritualfount, serial_shops, shop,
          chequers_serial_rivers_micro_c
D:2:      layout_basic
D:3:      cheibrodos_greedy_goblins, layout_basic, gammafunk_ghost_arena
D:4:      layout_basic, zin_scriptorium, ebering_ghost_disaster_area
D:5:      layout_rooms
D:6:      layout_basic, temple_statues, serial_shops, nicolae_shop_crystal,
          nicolae_stop_n_shop_2, st_stairs_9, kennysheep_generic_room_11,
          uniq_grinder

Skill      XL: |  1  2  3  4  5  6 |
---------------+-------------------+-----
Stealth        | 2 3 4 |  4.7
Conjurations   | 4 5 |  5.4
Spellcasting   | 2 3 |  3.6
Dodging        | 2 |  2.2
Translocations | 1 |  1.6
Fighting       | |  0.3

Action                   |  1- 3 |  4- 6 |  7- 9 || total
-------------------------+-------+-------+-------++-------
Melee: Dagger            |     5 |     4 |       ||     9
 Cast: Magic Dart        |    41 |    14 |       ||    55
       Searing Ray       |    20 |    28 |       ||    48
       Iskenderun's Myst |       |       |     4 ||     4
  Use: Scroll            |     8 |     2 |     2 ||    12
 Stab: Sleeping          |     5 |     2 |       ||     7
Armor: Robe              |     9 |     7 |       ||    16
       Leather armour    |       |     4 |     7 ||    11
Dodge: Dodged            |    13 |    24 |    10 ||    47
